 Dungeon Crawl Stone Soup version 0.30-a0-354-g6b83867211 (webtiles) character file.

Game seed: 13930933725539358557

5560 avis the Carver (level 10, -3/81 HPs)
             Began as a Demigod Ice Elementalist on Nov 8, 2022.
             Slain by Grum
             ... wielding a +1 glaive of freezing
              (19 damage)
             ... on level 8 of the Dungeon.
             The game lasted 01:08:56 (9117 turns).

avis the Carver (Demigod Ice Elementalist)          Turns: 9117, Time: 01:08:56

Health: -3/81      AC: 13    Str:  9    XL:     10   Next: 21%
Magic:  17/17      EV: 15    Int: 17    God:
Gold:   343        SH: 13    Dex: 32    Spells: 8/15 levels left

rFire   . . .      SeeInvis .    b - +0 sling (elec)
rCold   . . .      Faith    .    T - +2 kite shield
rNeg    . . .      Spirit   .    J - +0 steam dragon scales
rPois   +          Reflect  .    (no helmet)
rElec   .          Harm     .    (no cloak)
rCorr   .          Rampage  .    e - +0 pair of gloves
Will    +....                    (no boots)
Stlth   ++++......               q - amulet of magic regeneration
HPRegen 0.33/turn                x - ring of poison resistance
MPRegen 0.55/turn                n - +6 ring of dexterity

@: ice-armoured
A: high MP 1, forlorn, divine attributes
a: no special abilities


You were on level 8 of the Dungeon.
You visited 2 branches of the dungeon, and saw 9 of its levels.
You also visited: Bailey.

You collected 343 gold pieces.

Inventory:

Hand Weapons
 a - a +0 falchion of freezing
 b - a +0 sling of electrocution (weapon)
 g - a +2 halberd of draining
 l - a +2 halberd of electrocution
 L - the +2 quarterstaff of Makhleb's Esteem {vorpal, +Blink rPois Int-3}
   (You found it on level 8 of the Dungeon)

   It inflicts extra damage upon your enemies.
   Int:       It affects your intelligence (-3).
   rPois:     It protects you from poison.
   +Blink:    It lets you blink.
 N - a +0 demon whip of venom
 O - a +3 halberd of draining
Missiles
 i - a boomerang of dispersal
 j - 13 boomerangs
 v - a poisoned dart
 C - 3 datura-tipped darts
 G - 4 silver javelins
 S - 2 throwing nets
Armour
 e - a +0 pair of gloves (worn)
 f - a +0 robe
 A - a +0 tower shield of cold resistance
 J - +0 steam dragon scales (worn)
 R - a +0 ring mail of fire resistance
 T - a +2 kite shield (worn)
Magical Staves
 D - a staff of poison
Jewellery
 h - an amulet of magic regeneration
 n - a +6 ring of dexterity (right hand)
 o - a ring of ice
 q - an amulet of magic regeneration (around neck)
 x - a ring of poison resistance (left hand)
Wands
 c - a wand of flame (18)
 k - a wand of paralysis (8)
 K - a wand of mindburst (14)
Scrolls
 m - 5 scrolls of teleportation
 p - a scroll of poison {unknown}
 r - 2 scrolls of summoning {unknown}
 y - 2 scrolls of noise {unknown}
 B - a scroll of fog {unknown}
 F - 2 scrolls of enchant weapon {unknown}
 I - a scroll of enchant armour {unknown}
 P - a scroll of vulnerability {unknown}
Potions
 d - 2 potions of degeneration {unknown}
 s - 8 potions of heal wounds
 t - a potion of ambrosia
 u - 2 potions of curing
 w - 5 potions of brilliance
 z - 2 potions of mutation {unknown}
 E - 3 potions of might {unknown}
 H - 2 potions of cancellation {unknown}
 M - 2 potions of haste
 Q - 2 potions of magic


   Skills:
 - Level 5.0 Fighting
 + Level 11.5 Long Blades
 * Level 1.1 Ranged Weapons
 - Level 5.0 Dodging
 - Level 5.0 Stealth
 - Level 3.0 Spellcasting
 - Level 7.0 Ice Magic


You had 8 spell levels left.
You knew the following spells:

 Your Spells              Type           Power      Damage    Failure   Level
a - Freeze                Ice            100%       1d10      3%          1
o - Ozocubu's Armour      Ice            26%        N/A       11%         3
r - Frozen Ramparts       Ice            52%        1d8       11%         3

Your spell library contained the following spells:

 Spells                   Type           Power      Damage    Failure   Level
 Ensorcelled Hibernation  Hex/Ice        28%        N/A       22%         2
 Cigotuvi's Dreadful Rot  Necr/Pois/Air  4%         N/A       67%         2
 Poisonous Vapours        Pois/Air       4%         N/A       67%         2
 Summon Ice Beast         Ice/Summ       14%        N/A       83%         4
 Mephitic Cloud           Conj/Pois/Air  2%         N/A       88%         3
 Spider Form              Tmut/Pois      2%         N/A       88%         3
 Stone Arrow              Conj/Erth      4%         3d7       88%         3
 Summon Guardian Golem    Hex/Summ       2%         N/A       88%         3
 Anguish                  Hex/Necr       1%         N/A       99%         4
 Animate Armour           Summ/Erth      4%         N/A       99%         4
 Orb of Destruction       Conj           1%         9d5       100%        7
 Ozocubu's Refrigeration  Ice            13%        4d10      100%        7
 Spellforged Servitor     Conj/Summ      1%         N/A       100%        7
 Lehudib's Crystal Spear  Conj/Erth      1%         10d2      100%        8


Dungeon Overview and Level Annotations

Branches:
Dungeon (8/15)             Temple (1/1) D:4          Bailey (visited)
   Lair: D:8-11

Annotations:
D:2 1 runed translucent door, exclusion: door
D:5 Dowan, Duvessa
D:7 2 transporters, koil's ghost, novice DrTm
D:8 Grum


Innate Abilities, Weirdness & Mutations

You have an increased reservoir of magic. (+10% MP)
You shall have no god before yourself.
Your divine heritage dramatically boosts your attributes as you level up.


Message History

Aim: Grum, wielding a +1 glaive of freezing and wearing a +0 animal skin (lightly wounded, 71% to hit)
You shoot a sling bullet.
The sling bullet barely misses the wolf.
The sling bullet hits Grum!
Lightning courses through Grum!
Grum is severely wounded.
The wall freezes the wolf. x2; The wolf closely misses you.
The wall freezes the wolf. x2
You kill the wolf!
The wall freezes the wolf.
The wall freezes Grum but does no damage.
Grum hits you from afar with a +1 glaive of freezing!
Grum freezes you.
The wall freezes the wolf. x2
Fire: b) +0 sling (elec)
Press: ? - help, Q - select action, (/) - cycle Shift-Dir - straight line, f/p - Grum
Aim: Grum, wielding a +1 glaive of freezing and wearing a +0 animal skin (severely wounded, 71% to hit)
You shoot a sling bullet. The sling bullet hits the wolf.
Lightning courses through the wolf!
You kill the wolf!
The wall freezes the wolf but does no damage.
The wall freezes Grum.
You block Grum's attack.
The wall freezes the wolf.
The wolf misses you.
The wall freezes Grum but does no damage.
Grum hits you from afar with a +1 glaive of freezing!!
Grum freezes you.
The wall freezes the wolf.
The wolf closely misses you.
Your Ranged Weapons skill increases to level 1!
Fire: b) +0 sling (elec)
Press: ? - help, Q - select action, (/) - cycle Shift-Dir - straight line, f/p - Grum
Aim: Grum, wielding a +1 glaive of freezing and wearing a +0 animal skin (almost dead, 71% to hit)
You shoot a sling bullet. The sling bullet hits the wolf.
Lightning courses through the wolf!
The wolf is almost dead.
The frozen ramparts melt away.
You block the wolf's attack.
Grum hits you from afar with a +1 glaive of freezing!!
* * * LOW HITPOINT WARNING * * *
Grum freezes you!
* * * LOW HITPOINT WARNING * * *
The wolf bites you.
* * * LOW HITPOINT WARNING * * *
Grum hits you from afar with a +1 glaive of freezing!!
You die...

...####))..>....
.......)#######.
.......)##
.######.)# ##.#
#.## #..## .
##..##### h..
#...@hg.##.....
#...####..$......
!..... ###..#...#
####.. #.# .# #..
.# ##. # #.


You could see Grum and a wolf.

Vanquished Creatures
  Amaemon (D:8)
  An orange demon (D:8)
  Joseph (D:8)
  Sigmund (D:5)
  A steam dragon (D:7)
  A water moccasin (D:6)
  2 sky beasts (D:6)
  2 orc warriors
  An ice beast (D:7)
  A black bear (D:6)
  An ogre (D:6)
  2 wolves (D:8)
  A gnoll sergeant (D:8)
  A necrophage (D:7)
  5 bullfrogs
  A scorpion (D:3)
  A howler monkey (D:7)
  5 hounds
  A jelly (D:5)
  5 orc priests (D:6)
  3 iguanas
  5 orc wizards
  10 adders
  14 gnolls
  4 shadow imps
  2 white imps (D:5)
  An ufetubus (D:5)
  4 worms
  4 dart slugs
  35 orcs
  6 ball pythons
  3 endoplasms
  11 giant cockroaches
  14 goblins
  9 hobgoblins
  7 jackals
  5 kobolds
  A quokka (D:3)
  7 bats
  5 frilled lizards
  7 rats
  A spectral goblin (D:1)
193 creatures vanquished.

Vanquished Creatures (others)
  A butterfly (D:6)
  A demonic plant (D:5)
2 creatures vanquished.

Grand Total: 195 creatures vanquished

Notes
Turn   | Place    | Note
-------+----------+-------------------------------------------
     0 | D:1      | avis the Demigod Ice Elementalist began the quest for the
                  | Orb.
     0 | D:1      | Reached XP level 1. HP: 14/14 MP: 5/5
    24 | D:1      | Reached skill level 1 in Fighting
   221 | D:1      | Reached XP level 2. HP: 23/23 MP: 5/7
  1335 | D:2      | Reached XP level 3. HP: 28/28 MP: 3/9
  1339 | D:2      | Learned a level 3 spell: Frozen Ramparts
  1343 | D:2      | Learned a level 3 spell: Ozocubu's Armour
  1941 | D:2      | Reached XP level 4. HP: 35/35 MP: 7/10
  2321 | D:2      | Found a runed translucent door.
  2569 | D:3      | Reached skill level 5 in Ice Magic
  3036 | D:3      | Reached XP level 5. HP: 36/41 MP: 6/11
  3303 | D:4      | Found a staircase to the Ecumenical Temple.
  3313 | Temple   | Entered the Ecumenical Temple
  3851 | D:5      | Entered Level 5 of the Dungeon
  4067 | D:5      | Noticed Duvessa
  4168 | D:5      | Noticed Sigmund
  4186 | D:5      | Reached XP level 6. HP: 26/48 MP: 9/13
  4189 | D:5      | HP: 1/48 [something (10)]
  4192 | D:5      | Killed Sigmund
  4642 | D:5      | Noticed Dowan
  4712 | D:6      | Reached XP level 7. HP: 57/59 MP: 12/14
  5322 | D:6      | Reached skill level 5 in Fighting
  5322 | D:6      | Reached XP level 8. HP: 15/68 MP: 9/15
  5864 | D:6      | Reached skill level 5 in Dodging
  6605 | D:7      | Found a flagged portal.
  6634 | Bailey   | Entered a bailey
  7327 | Bailey   | Reached skill level 10 in Long Blades
  7327 | Bailey   | Reached XP level 9. HP: 65/65 MP: 16/16
  7613 | Bailey   | Reached skill level 5 in Stealth
  8075 | D:7      | Noticed koil's ghost (novice DrTm)
  8107 | D:7      | Noticed a manticore
  8215 | D:7      | Found a transporter.
  8220 | D:7      | Found a transporter.
  8620 | D:8      | Identified the +2 quarterstaff of Makhleb's Esteem {vorpal,
                  | +Blink rPois Int-3}
  8624 | D:8      | Noticed Amaemon
  8626 | D:8      | Noticed an orange demon
  8653 | D:8      | Killed an orange demon
  8654 | D:8      | Reached skill level 11 in Long Blades
  8654 | D:8      | Killed Amaemon
  8655 | D:8      | Reached XP level 10. HP: 26/81 MP: 17/17
  8827 | D:8      | Noticed Joseph
  8873 | D:8      | Killed Joseph
  9107 | D:8      | Noticed Grum
  9117 | D:8      | Reached skill level 1 in Ranged Weapons
  9117 | D:8      | Slain by Grum

Illustrated notes

Levels and vault maps discovered:
D:1:      scummos_arrival_star, layout_loops_ring,
          dreamdust_ecumenical_altar_drowned_temple
D:2:      minmay_roachtagon, layout_basic, basic_altar, minmay_diced_spiral,
          uniq_crazy_yiuf_cottage
D:3:      layout_basic, nicolae_uskayaw_dance_hall, kennysheep_cross_room,
          dk_noncrumbling_3, serial_bayou_ford_a
D:4:      layout_cave_pods, minmay_temple_entry_overgrown
D:5:      layout_gridville, serial_demonic, serial_demonic_f, serial_demonic_c,
          serial_demonic_e, serial_demonic_c, uniq_duvessa, uniq_sigmund
D:6:      layout_loops_ring, ashenzari_conservatory_becter,
          nicolae_elyvilon_peaceful_grove, nicolae_overflow_crystal_walls,
          mainiacjoe_overflow_catwalk_spiral, minmay_ruined_shrine
D:7:      layout_loops_cross, mainiacjoe_overflow_brackets, nzn_ghost_randoct,
          enter_bailey_3, serial_aquarium, aquarium_bridge_square
          [aquarium_subvault_bridge, aquarium_subvault_wall,
          aquarium_subvault_window, aquarium_subvault_bridge],
          aquarium_window_fake, aquarium_window_corridor_3, aquarium_view_2c
D:8:      layout_layer_cave, gup_ossuary_entry_pyramid, minivault_14,
          uniq_joseph, uniq_grum, uniq_amaemon
Temple:   minmay_temple_forest_path

Skill      XL: |  1  2  3  4  5  6  7  8  9 10 |
---------------+-------------------------------+-----
Fighting       | 1 2 4 5 |  5.0
Ice Magic      | 4 5 6 7 |  7.0
Spellcasting   | 2 3 |  3.0
Dodging        | 2 4 5 |  5.0
Stealth        | 2 3 4 5 |  5.0
Long Blades    | 10 11 | 11.5
Ranged Weapons | 1 |  1.1

Action                   |  1- 3 |  4- 6 |  7- 9 | 10-12 || total
-------------------------+-------+-------+-------+-------++-------
Melee: Unarmed           |    10 |       |       |       ||    10
       Short sword       |    10 |    86 |    30 |       ||   126
       Punch             |       |       |     2 |       ||     2
       Falchion          |       |       |    82 |     8 ||    90
 Fire: Sling             |       |       |       |    17 ||    17
Throw: Boomerang         |       |     2 |    24 |       ||    26
       Dart              |       |     5 |     7 |       ||    12
       Javelin           |       |       |     4 |       ||     4
 Cast: Freeze            |    69 |    33 |     6 |       ||   108
       Frozen Ramparts   |     1 |    19 |    49 |     6 ||    75
       Ozocubu's Armour  |       |    14 |    48 |     4 ||    66
  Use: Scroll            |       |     4 |     5 |       ||     9
       Potion            |       |     2 |     1 |       ||     3
 Stab: Sleeping          |     4 |    11 |       |       ||    15
Armor: Robe              |    12 |    30 |    47 |       ||    89
       Steam dragon scal |       |       |    15 |     6 ||    21
Dodge: Dodged            |    30 |    66 |   156 |    16 ||   268
Block: Kite shield       |       |       |       |     3 ||     3

Table legend: (Time is in decaauts)
 A = Elapsed time spent in this place.
 B = Non-inter-level travel time spent in this place.
 C = Inter-level travel time spent in this place.
 D = Time resting spent in this place.
 E = Time spent auto-exploring this place.
 F = Levels seen in this place.
 G = Mean time per level.
                   A        B        C        D        E       F      G
               +--------+--------+--------+--------+--------+-----+--------+
         Total |   9146 |   8237 |    909 |   2573 |   3313 |  10 |  914.6 |
       Dungeon |   7967 |   7058 |    909 |   1829 |   3308 |   8 |  995.9 |
        Temple |      9 |      9 |      0 |      0 |      0 |   1 |    9.0 |
        Bailey |   1169 |   1169 |      0 |    744 |      5 |   1 | 1169.0 |
               +--------+--------+--------+--------+--------+-----+--------+

Top non-repeatable levels by time:
     D:6: 1600 daAuts
     D:1: 1248 daAuts
     D:2: 1239 daAuts
  Bailey: 1169 daAuts
     D:4: 998 daAuts
     D:7: 904 daAuts
     D:5: 817 daAuts
     D:3: 655 daAuts
     D:8: 502 daAuts
  Temple: 9 daAuts
